 Dungeon Crawl Stone Soup version 0.29.1-15-g9cfb28693d (webtiles) character file.

Game seed: 15743148028567752842

29740 nightchill the Severer (level 13, -6/126 HPs)
             Began as a Hill Orc Fighter on Apr 20, 2023.
             Was a High Priest of Zin.
             Mangled by a nine-headed hydra (7 damage)
             ... on level 11 of the Dungeon on Apr 24, 2023.
             The game lasted 00:40:48 (19463 turns).

nightchill the Severer (Hill Orc Fighter)          Turns: 19463, Time: 00:40:49

Health: -6/126     AC: 17    Str: 33    XL:     13   Next: 47%
Magic:  23/24      EV:  6    Int: 17    God:    Zin [*****.]
Gold:   941        SH: 18    Dex: 14    Spells: 12/12 levels left

rFire   . . .      SeeInvis .   w - +2 morningstar
rCold   . . .      Faith    .   u - +1 kite shield
rNeg    + . .      Spirit   .   o - +1 plate armour of Ygic {rPois rN+ Str+2 Dex-3}
rPois   ∞          Reflect  +   x - +2 helmet
rElec   .          Harm     .   T - +0 cloak
rCorr   .          Rampage  .   A - +0 pair of gloves
Will    +....                   (no boots)
Stlth   ..........              H - amulet of Life {Reflect Dex+2 SH+5}
HPRegen 0.31/turn               y - ring of willpower
MPRegen 0.19/turn               r - +6 ring of strength

@: mighty, vitalised, studying Shields
A: no striking features
a: Renounce Religion, Recite, Vitalisation, Imprison, Sanctuary, Donate Gold


You were on level 11 of the Dungeon.
You worshipped Zin.
Zin was extremely pleased with you.
You visited 3 branches of the dungeon, and saw 16 of its levels.
You also visited: Sewer and Ossuary.

You collected 1190 gold pieces.
You spent 130 gold pieces at shops.
You donated 119 gold pieces to Zin.

Inventory:

Hand Weapons
 a - a +0 war axe of venom
 w - a +2 morningstar (weapon)
 C - a +1 lajatang of speed
Missiles
 l - 4 curare-tipped darts (quivered)
 E - 5 throwing nets
Armour
 o - the +1 plate armour of Ygic (worn) {rPois rN+ Str+2 Dex-3}
   (You found it in a sewer)

   Str:       It affects your strength (+2).
   Dex:       It affects your dexterity (-3).
   rPois:     It protects you from poison.
   rN:        It protects you from negative energy.
 u - a +1 kite shield (worn)
 x - a +2 helmet (worn)
 A - a +0 pair of gloves (worn)
 T - a +0 cloak (worn)
Jewellery
 r - a +6 ring of strength (right hand)
 y - a ring of willpower (left hand)
 z - a ring of flight
 F - a ring of magical power
 H - the amulet of Life (around neck) {Reflect Dex+2 SH+5}
   (You bought it in a shop on level 7 of the Dungeon)

   [amulet of reflection]

   It reflects blocked missile attacks.
   Dex:       It affects your dexterity (+2).
   SH:        It affects your SH (+5).
 V - a +4 ring of protection
Wands
 m - a wand of paralysis (19)
 t - a wand of digging (2)
 P - a wand of iceblast (9)
 S - a wand of flame (8)
Scrolls
 d - a scroll of fear
 f - 4 scrolls of vulnerability
 g - 8 scrolls of teleportation
 h - 2 scrolls of magic mapping
 k - 5 scrolls of enchant armour
 n - 4 scrolls of blinking
 q - 2 scrolls of enchant weapon
 v - 2 scrolls of brand weapon
 B - a scroll of noise
 G - 2 scrolls of butterflies
 I - 3 scrolls of identify
 M - 4 scrolls of poison
 Q - a scroll of silence
 R - 6 scrolls of immolation
Potions
 b - a potion of lignification
 e - 6 potions of curing
 i - 2 potions of haste
 p - 4 potions of mutation
 s - a potion of ambrosia
 D - 7 potions of heal wounds
 J - 3 potions of brilliance
 K - a potion of magic
 L - 3 potions of flight
 N - a potion of resistance
 O - 2 potions of might


   Skills:
 + Level 15.0 Fighting
 - Level 16.0 Axes
 - Level 3.2 Armour
 + Level 12.1 Shields
 + Level 15.1 Invocations


You had 12 spell levels left.
You didn't know any spells.
Your spell library contained the following spells:

 Spells                   Type           Power      Damage    Failure   Level
 Apportation              Tloc           0%         N/A       99%         1
 Beastly Appendage        Tmut           0%         N/A       99%         1
 Magic Dart               Conj           0%         1d3       99%         1
 Necrotise                Necr           0%         1d4       99%         1
 Sting                    Tmut/Pois      0%         1d3       99%         1
 Summon Small Mammal      Summ           0%         N/A       99%         1
 Call Imp                 Summ           0%         N/A       99%         2
 Poisonous Vapours        Pois/Air       0%         N/A       99%         2
 Ignite Poison            Fire/Tmut/Pois 0%         N/A       100%        3
 Inner Flame              Hex/Fire       0%         N/A       100%        3
 Mephitic Cloud           Conj/Pois/Air  0%         N/A       100%        3
 Cause Fear               Hex            0%         N/A       100%        4
 Hailstorm                Conj/Ice       0%         3d3       100%        4
 Ice Form                 Ice/Tmut       0%         N/A       100%        4
 Olgreb's Toxic Radiance  Pois           0%         N/A       100%        4
 Passage of Golubria      Tloc           0%         N/A       100%        4
 Petrify                  Tmut/Erth      0%         N/A       100%        4
 Alistair's Intoxication  Tmut/Pois      0%         N/A       100%        5
 Iskenderun's Battlesphe  Conj           0%         2d6       100%        5
 Silence                  Hex/Air        0%         N/A       100%        5
 Yara's Violent Unravell  Hex/Tmut       0%         3d3       100%        5
 Iron Shot                Conj/Erth      0%         9d1       100%        6
 Simulacrum               Ice/Necr       0%         N/A       100%        6
 Statue Form              Tmut/Erth      0%         N/A       100%        6
 Spellforged Servitor     Conj/Summ      0%         N/A       100%        7
 Storm Form               Tmut/Air       0%         N/A       100%        7
 Discord                  Hex            0%         N/A       100%        8
 Lehudib's Crystal Spear  Conj/Erth      0%         10d2      100%        8


Dungeon Overview and Level Annotations

Branches:
Dungeon (11/15)            Temple (1/1) D:6            Lair (4/5) D:10
  Swamp (0/4) Lair:2       Spider (0/4) Lair:3        Slime (0/5) Lair:4
  Sewer (visited)         Ossuary (visited)
    Orc: D:9-12

Altars:
Ashenzari
Cheibriados
Dithmenos
Fedhas
Gozag
Kikubaaqudgha
Makhleb
Nemelex Xobeh
Okawaru
Qazlal
Ru
Trog
Uskayaw
Vehumet
Xom
Yredelemnul
Zin
The Shining One

Shops:
D:7 *   D:10 !

Annotations:
D:6 1 exclusion
Lair:4 !ten hydra, exclusion: door


Message History

The nine-headed hydra barely misses you.
The nine-headed hydra bites you.
* * * LOW HITPOINT WARNING * * *
You block the nine-headed hydra's attack. x2
The nine-headed hydra bites you.
* * * LOW HITPOINT WARNING * * *
You block the nine-headed hydra's attack.
You completely miss the nine-headed hydra.
The nine-headed hydra is heavily wounded.
You block the nine-headed hydra's attack.
The nine-headed hydra bites you but does no damage.
The nine-headed hydra completely misses you.
You block the nine-headed hydra's attack.
The nine-headed hydra bites you but does no damage.
The nine-headed hydra bites you.
* * * LOW HITPOINT WARNING * * *
The nine-headed hydra bites you.
* * * LOW HITPOINT WARNING * * *
The nine-headed hydra bites you but does no damage.
The nine-headed hydra bites you!
* * * LOW HITPOINT WARNING * * *
You thump the nine-headed hydra!
The nine-headed hydra is heavily wounded.
You block the nine-headed hydra's attack. x2
The nine-headed hydra bites you!
* * * LOW HITPOINT WARNING * * *
The nine-headed hydra bites you!
* * * LOW HITPOINT WARNING * * *
The nine-headed hydra bites you but does no damage.
You block the nine-headed hydra's attack. x3
The nine-headed hydra bites you.
* * * LOW HITPOINT WARNING * * *
You block the nine-headed hydra's attack.
The nine-headed hydra bites you but does no damage.
The nine-headed hydra bites you.
* * * LOW HITPOINT WARNING * * *
The nine-headed hydra bites you!
* * * LOW HITPOINT WARNING * * *
The nine-headed hydra bites you!
You die...

.........#
#.......#..........
.........####
#.........#####....
.........'..###.......###
#....
.........##...........#
#....
.........######.......#
#.... .........#
######.## #....
.........# ##.# #####
########## ####..#
#@...## #####D#####
#######.........#
#...............#
######.#####.........#
.......# #.........#
.####### #.........# ##
#.........# ###########


You could see a nine-headed hydra.

Vanquished Creatures
  2 hydras
  Erolcha (D:10)
  2 two-headed ogres
  2 bog bodies (Lair:2)
  3 black mambas
  4 unseen horror zombies (D:9)
  8 cane toads
  2 rime drakes
  8 komodo dragons
  2 polar bears
  A hornet (Lair:4)
  8 blink frogs
  53 yaks
  A wraith (D:10)
  4 basilisks
  A steam dragon (D:6)
  2 redbacks (Lair:3)
  7 vampire mosquitoes (D:11)
  Duvessa (D:7)
  2 acid dragons
  10 water moccasins
  2 orc warriors
  A sky beast (D:7)
  3 black bears
  2 ice beasts
  3 ogres
  14 wolves
  3 kobold brigands
  8 bullfrogs
  2 necrophages (D:9)
  A scorpion (D:5)
  A gnoll sergeant (D:4)
  5 wights (D:9)
  Dowan (D:7)
  11 killer bees (D:8)
  3 electric eels
  3 jellies
  3 centaur zombies (D:9)
  11 hounds
  3 human zombies
  3 orc priests
  5 gnoll boudas
  Jessica (D:3)
  6 iguanas
  6 orc wizards
  6 hell rats (Lair:4)
  4 mummies (Ossuary)
  33 gnolls
  10 adders
  2 white imps
  An ufetubus (D:5)
  2 adder zombies (Ossuary)
  A worm (D:3)
  2 dart slugs
  26 orcs
  16 endoplasms
  18 giant cockroaches
  3 goblins
  7 hobgoblins
  3 jackals (D:4)
  12 quokkas
  9 ball pythons
  3 bats
  11 frilled lizards
  2 hobgoblin zombies (Ossuary)
  23 kobolds
  2 kobold zombies (Ossuary)
  2 orc zombies (Ossuary)
  6 rats
  2 rat zombies (Ossuary)
  A pillar of salt (D:11)
432 creatures vanquished.

Vanquished Creatures (others)
  18 fungi
  38 plants
56 creatures vanquished.

Grand Total: 488 creatures vanquished

Notes
Turn   | Place    | Note
-------+----------+-------------------------------------------
     0 | D:1      | nightchill the Hill Orc Fighter began the quest for the
                  | Orb.
     0 | D:1      | Reached XP level 1. HP: 19/19 MP: 1/1
   264 | D:1      | Reached skill level 3 in Axes
   853 | D:1      | Found a faded altar of an unknown god.
   938 | D:2      | Reached XP level 2. HP: 26/27 MP: 2/2
  1046 | D:2      | Reached skill level 4 in Axes
  1053 | D:2      | Reached XP level 3. HP: 26/33 MP: 3/3
  1833 | D:2      | Reached XP level 4. HP: 15/41 MP: 4/4
  1834 | D:2      | Reached skill level 5 in Axes
  2435 | D:3      | Found a glowing drain.
  2455 | Sewer    | Entered a sewer
  2529 | Sewer    | Reached XP level 5. HP: 45/47 MP: 5/5
  2626 | Sewer    | Reached skill level 5 in Fighting
  2626 | Sewer    | Reached skill level 6 in Axes
  2761 | Sewer    | Reached XP level 6. HP: 37/56 MP: 6/6
  2770 | Sewer    | Reached skill level 7 in Axes
  2888 | Sewer    | Identified the +1 plate armour of Ygic {rPois rN+ Str+2
                  | Dex-3}
  3406 | D:3      | Noticed Jessica
  3425 | D:3      | Killed Jessica
  3742 | D:4      | Reached skill level 8 in Axes
  3742 | D:4      | Reached XP level 7. HP: 31/63 MP: 7/7
  4106 | D:4      | Reached skill level 9 in Axes
  4765 | D:4      | Reached XP level 8. HP: 19/73 MP: 8/8
  5450 | D:5      | Entered Level 5 of the Dungeon
  5532 | D:5      | Found a stormy altar of Qazlal.
  5549 | D:5      | Reached skill level 10 in Axes
  5712 | D:5      | Got the Atlas of Transmigration
  6526 | D:6      | Reached skill level 11 in Axes
  6893 | D:6      | Found a staircase to the Ecumenical Temple.
  7020 | D:6      | Reached skill level 12 in Axes
  7020 | D:6      | Reached XP level 9. HP: 61/82 MP: 9/9
  7119 | D:6      | Found an opulent altar of Gozag.
  7126 | D:6      | Found a burning altar of Makhleb.
  7132 | D:6      | Found a hide-covered altar of Uskayaw.
  7137 | D:6      | Found a sparkling altar of Nemelex Xobeh.
  7142 | D:6      | Found a blossoming altar of Fedhas.
  7153 | D:6      | Found a glowing golden altar of the Shining One.
  7157 | D:6      | Became a worshipper of the Shining One
  7163 | D:6      | Found a broken altar of Ashenzari.
  7863 | Temple   | Entered the Ecumenical Temple
  7872 | Temple   | Fell from the grace of the Shining One
  7872 | Temple   | Became a worshipper of Zin the Law-Giver
  7872 | Temple   | Reached * piety under Zin
  7872 | Temple   | Reached ** piety under Zin
  7949 | D:7      | Noticed Duvessa
  7962 | D:7      | Killed Duvessa
  7962 | D:7      | Noticed Dowan
  7969 | D:7      | Killed Dowan
  8165 | D:7      | Reached skill level 13 in Axes
  8295 | D:7      | Found Yttacoup's Assorted Antiques.
  8301 | D:7      | Bought an ancient pewter amulet for 130 gold pieces
  8301 | D:7      | Identified the amulet of Life {Reflect Dex+2 SH+5} (You
                  | bought it in a shop on level 7 of the Dungeon)
  9263 | D:8      | Reached skill level 14 in Axes
  9292 | D:8      | Reached skill level 10 in Fighting
  9301 | D:8      | Found a sand-covered staircase.
  9306 | Ossuary  | Entered an ossuary
  9323 | Ossuary  | Reached XP level 10. HP: 72/93 MP: 10/10
  9467 | Ossuary  | Reached *** piety under Zin
  9906 | D:8      | Reached **** piety under Zin
 10006 | D:9      | Reached skill level 15 in Axes
 10510 | D:9      | Reached ***** piety under Zin
 10592 | D:9      | Found a basalt altar of Yredelemnul.
 10614 | D:9      | Reached skill level 16 in Axes
 10683 | D:9      | Reached skill level 1 in Invocations
 10906 | D:10     | Entered Level 10 of the Dungeon
 11016 | D:10     | Noticed Erolcha
 11055 | D:10     | Killed Erolcha
 11056 | D:10     | Reached skill level 5 in Invocations
 11056 | D:10     | Reached XP level 11. HP: 55/104 MP: 12/14
 11591 | D:10     | Reached skill level 5 in Shields
 11679 | D:10     | Found Quturuel's Distillery.
 11931 | D:10     | Found a staircase to the Lair.
 11933 | D:10     | Noticed a two-headed ogre
 11942 | D:10     | Killed a two-headed ogre
 12467 | Lair:1   | Entered Level 1 of the Lair of Beasts
 13041 | Lair:1   | Noticed an eight-headed hydra
 13050 | Lair:1   | Killed an eight-headed hydra
 14152 | Lair:2   | Reached skill level 10 in Invocations
 14496 | Lair:2   | Reached XP level 12. HP: 115/115 MP: 19/19
 14532 | Lair:2   | Identified a scroll of acquirement
 14533 | Lair:2   | Acquired a manual of Shields
 14703 | Lair:2   | Found a staircase to the Swamp.
 15659 | Lair:3   | Noticed a seven-headed hydra
 15671 | Lair:3   | Killed a seven-headed hydra
 16382 | Lair:3   | Reached skill level 10 in Shields
 16400 | Lair:3   | Found a hole to the Spider Nest.
 16585 | Lair:3   | Reached XP level 13. HP: 111/125 MP: 23/23
 17462 | Lair:4   | Reached ****** piety under Zin
 17756 | Lair:4   | Found a runed translucent door.
 17761 | Lair:4   | Found a staircase to the Slime Pits.
 18692 | D:11     | Reached skill level 15 in Invocations
 18709 | D:11     | Got the Incunable of Transmutation
 18838 | D:11     | Reached skill level 15 in Fighting
 19463 | D:11     | HP: 1/126 [nine-headed hydra (8)]
 19463 | D:11     | Mangled by a nine-headed hydra

Illustrated notes

Levels and vault maps discovered:
D:1:      dpeg_arrival_snail, layout_basic, serial_aquarium,
          aquarium_bridge_island_small [aquarium_subvault_small_open,
          aquarium_subvault_bridge, aquarium_subvault_wall,
          aquarium_subvault_bridge, aquarium_subvault_wall],
          aquarium_bridge_square [aquarium_subvault_wall,
          aquarium_subvault_bridge, aquarium_subvault_bridge,
          aquarium_subvault_bridge], aquarium_window_corridor_3,
          aquarium_window_1, aquarium_window_2, aquarium_window_2,
          aquarium_view_2b, aquarium_pool_2,
          shapermc_ecumenical_altar_hornbeckon
D:2:      layout_loops_corners, grunt_ministairs_9, minmay_box_of_dots
D:3:      layout_loops_cross, gup_sewer_entry_pipe, chequers_mini_garden,
          uniq_jessica
D:4:      layout_cave_pods
D:5:      layout_loops_corners, nicolae_qazlal_scattered_showers
D:6:      nicolae_cairo_tiling_large_dashed, layout_rooms,
          grunt_temple_overflow_octagram, minmay_temple_entry_antechambers,
          chequers_big_river
D:7:      layout_loops_corners, serial_shops, shop, uniq_duvessa
D:8:      layout_basic, nicolae_ossuary_entry_plus
D:9:      layout_basic, lemuel_mausoleum_altar_yredelemnul, due_unseen_surprise
D:10:     layout_stronghold, dpeg_oklobed_lair, serial_shops,
          nicolae_shop_waterfront, uniq_erolcha
D:11:     layout_roguey
Temple:   compressed_dpeg_triangle_lava_temple
Lair:1:   layout_regular_city, beast_lair_carwin_4, grunt_megastairs_5,
          lemuel_fruit_tree
Lair:2:   layout_roguey, skrybe_swamp_entry_bodies, infiniplex_staircase_pool
Lair:3:   layout_roguey, spider_nest_entry_webs, serial_bayou_shore_b
Lair:4:   layout_loops_ring, slime_entry_2, minmay_shattered_shrine

Skill      XL: |  1  2  3  4  5  6  7  8  9 10 11 12 13 |
---------------+----------------------------------------+-----
Axes           | 3 4 5 6 8 9 12 14 16 | 16.0
Fighting       | 4 5 6 7 8 10 11 13 14 15 | 15.0
Invocations    | 5 10 13 15 | 15.1
Shields        | 4 7 10 12 | 12.1
Armour         | |  3.2

Action                   |  1- 3 |  4- 6 |  7- 9 | 10-12 | 13-15 || total
-------------------------+-------+-------+-------+-------+-------++-------
Melee: War axe           |    88 |   207 |   359 |   531 |   212 ||  1397
       Morningstar       |       |       |       |    12 |     9 ||    21
Throw: Dart              |       |       |       |     3 |       ||     3
Invok: Recite            |       |       |     5 |     7 |     3 ||    15
       Vitalisation      |       |       |       |     2 |     4 ||     6
       Imprison          |       |       |       |       |     1 ||     1
       Sanctuary         |       |       |       |       |     1 ||     1
Evoke: Wand              |       |       |       |     1 |       ||     1
  Use: Potion            |       |       |     2 |     1 |     1 ||     4
       Scroll            |       |       |     8 |    17 |     3 ||    28
 Stab: Confused          |       |       |     2 |     2 |     2 ||     6
       Paralysed         |       |       |       |       |     2 ||     2
Armor: Scale mail        |    52 |    69 |       |       |       ||   121
       Plate armour      |       |    48 |   218 |   244 |    81 ||   591
Dodge: Dodged            |    41 |    84 |    72 |    75 |    34 ||   306
Block: Buckler           |    17 |    37 |       |       |       ||    54
       Kite shield       |       |       |   181 |   350 |   172 ||   703
       Reflection        |       |       |       |     3 |       ||     3
